 Dungeon Crawl Stone Soup version 0.29.1-12-g30fa7ad0bf (webtiles) character file.

Game seed: 2943563830599306000

205 MisterFreud the Trooper (level 6, -2/52 HPs)
             Began as a Formicid Wanderer on Dec 17, 2022.
             Slain by an orc
             ... wielding a +2 vorpal trident
              (3 damage)
             ... on level 4 of the Dungeon.
             The game lasted 00:05:11 (3392 turns).

MisterFreud the Trooper (Formicid Wanderer)         Turns: 3392, Time: 00:05:12

Health: -2/52      AC:  5    Str: 18    XL:     6   Next: 9%
Magic:  7/7        EV: 11    Int: 11    God:
Gold:   246        SH:  0    Dex: 14    Spells: 6/7 levels left

rFire   . . .      SeeInvis +   a - +0 shortbow
rCold   + . .      Faith    .   (no shield)
rNeg    . . .      Spirit   .   d - +0 leather armour
rPois   .          Reflect  .   (helmet unavailable)
rElec   .          Harm     .   g - scarf {repulsion}
rCorr   +          Rampage  .   (no gloves)
Will    .....                   b - +1 pair of boots
Stlth   ++........              (no amulet)
HPRegen 0.17/turn               o - ring of resist corrosion
MPRegen 0.10/turn               s - ring of protection from cold

@: repel missiles
A: permanent stasis, dig shafts and tunnels, antennae 3, four strong arms
a: Dig, Shaft Self


You were on level 4 of the Dungeon.
You visited 1 branch of the dungeon, and saw 4 of its levels.

You collected 246 gold pieces.

Inventory:

Hand Weapons
 a - a +0 shortbow (weapon)
Missiles
 k - 5 silver javelins
 p - 6 boomerangs
 r - 7 poisoned darts
Armour
 b - a +1 pair of boots (worn)
 d - a +0 leather armour (worn)
 g - a scarf of repulsion (worn)
Jewellery
 f - an amulet of faith
 o - a ring of resist corrosion (left hand)
 s - a ring of protection from cold (right hand)
Scrolls
 c - a scroll of summoning
 i - a scroll of enchant armour
 q - 4 scrolls of identify
Potions
 e - a potion of might
 h - a potion of heal wounds
 j - 3 potions of flight {unknown}
 l - a potion of berserk rage {unknown}
 m - a potion of brilliance {unknown}
 n - a potion of mutation {unknown}


   Skills:
 + Level 5.9 Fighting
 - Level 4.0 Ranged Weapons
 - Level 1.1 Armour
 - Level 2.4 Stealth
 - Level 1.1 Spellcasting
 - Level 2.1 Transmutations


You had 6 spell levels left.
You knew the following spells:

 Your Spells              Type           Power      Damage    Failure   Level
a - Beastly Appendage     Tmut           10%        N/A       16%         1

Your spell library contained the following spells:

 Spells                   Type           Power      Damage    Failure   Level
 Spider Form              Tmut/Pois      3%         N/A       58%         3
 Tukima's Dance           Hex            0%         N/A       75%         3
 Passage of Golubria      Tloc           0%         N/A       98%         4
 Yara's Violent Unravell  Hex/Tmut       1%         3d3       100%        5


Dungeon Overview and Level Annotations

Branches:
Dungeon (4/15)
 Temple: D:4-7

Altars:
Ashenzari
Vehumet


Innate Abilities, Weirdness & Mutations

You cannot be hasted, slowed, berserked, paralysed or teleported.
You can dig through walls and to a lower floor.
You have a pair of large antennae on your head. (SInv)
Your four strong arms can wield two-handed weapons with a shield.


Message History

Press: ? - help, Q - select action, (/) - cycle Shift-Dir - straight line, f - orc wizard
Aim: an orc wizard, wielding a +0 dagger and wearing a +0 robe (slightly transparent, 56% to hit)
You shoot an arrow. The arrow hits the orc wizard.
The orc wizard is moderately wounded.
The orc hits you from afar with a +2 vorpal trident.
The orc wizard closely misses you.
Unknown command.
Fire: a) +0 shortbow
Press: ? - help, Q - select action, (/) - cycle Shift-Dir - straight line, f/p - orc wizard
Aim: an orc wizard, wielding a +0 dagger and wearing a +0 robe (moderately wounded, slightly transparent, 56% to hit)
You shoot an arrow.
The arrow closely misses the orc wizard.
The arrow hits the orc wizard.
The orc wizard is severely wounded.
The orc hits you but does no damage. The orc wizard barely misses you.
The orc wizard gestures at you while chanting.
The puff of flame hits the orc wizard.
The orc wizard barely misses you.
The orc hits you from afar with a +2 vorpal trident.
* * * LOW HITPOINT WARNING * * *
Unknown command.
Fire: a) +0 shortbow
Press: ? - help, Q - select action, (/) - cycle Shift-Dir - straight line, f/p - orc wizard
Aim: an orc wizard, wielding a +0 dagger and wearing a +0 robe (severely wounded, slightly transparent, 56% to hit)
You shoot an arrow. The arrow hits the orc wizard!
You kill the orc wizard!
The orc hits you but does no damage.
Unknown command.
Fire: a) +0 shortbow
Press: ? - help, Q - select action, (/) - cycle Shift-Dir - straight line, f - orc wizard
Aim: an orc wizard, wielding a +2 dagger of venom and wearing a +0 robe (severely wounded, slightly transparent, 56% to hit)
You shoot an arrow. The arrow hits the orc wizard.
You kill the orc wizard!
The orc hits you from afar with a +2 vorpal trident.
* * * LOW HITPOINT WARNING * * *
x2 You have reached level 6!
Unknown command.
Are you sure you want to shaft yourself?
The orc hits you from afar with a +2 vorpal trident!
* * * LOW HITPOINT WARNING * * *
You die...

. #.# . ####.#### #
#.......# # #.......# #
#)......# +## #
####.......## ....
###...........### .....
..#.##..........##......
..#.##........#.@)..._..
..#.####..###.####o.....
..........# #.# .....
#.#.#####.# #.# ....
#.#.# #.# #.# +## #.#.#
#.# #.# #.#.# #.# #.#
#...# #.# #.# ##### #.#
#..


You could see an orc.

Vanquished Creatures
  3 orc wizards (D:4)
  3 adders
  5 worms
  A dart slug (D:1)
  2 orcs (D:3)
  5 endoplasms
  6 giant cockroaches
  8 goblins
  6 hobgoblins
  3 jackals (D:2)
  9 kobolds
  4 quokkas
  6 ball pythons
  6 bats
  2 frilled lizards
  9 rats
78 creatures vanquished.

Vanquished Creatures (others)
  An orc wizard (D:4)
1 creature vanquished.

Grand Total: 79 creatures vanquished

Notes
Turn   | Place    | Note
-------+----------+-------------------------------------------
     0 | D:1      | MisterFreud the Formicid Wanderer began the quest for the
                  | Orb.
     0 | D:1      | MisterFreud set off with the following items: a +0
                  | shortbow, a +0 pair of boots, a scroll of summoning, a +0
                  | leather armour; and the following spell memorised: Beastly
                  | Appendage; and the following spells available to memorise:
                  | Spider Form.
     0 | D:1      | Reached XP level 1. HP: 13/13 MP: 2/2
   229 | D:1      | You fall into a shaft and drop 1 floor!
   342 | D:1      | You fall into a shaft and drop 1 floor!
   587 | D:2      | Reached skill level 1 in Fighting
   597 | D:2      | Reached XP level 2. HP: 16/22 MP: 3/3
   691 | D:2      | Reached skill level 2 in Fighting
   734 | D:2      | Reached XP level 3. HP: 11/28 MP: 4/4
   744 | D:2      | You fall into a shaft and drop 1 floor!
  1005 | D:3      | Found a broken altar of Ashenzari.
  1053 | D:3      | Found a faded altar of an unknown god.
  1077 | D:3      | Reached skill level 3 in Fighting
  1381 | D:1      | Reached XP level 4. HP: 28/36 MP: 5/5
  1894 | D:1      | Reached skill level 4 in Fighting
  2430 | D:2      | Reached XP level 5. HP: 43/43 MP: 6/6
  3374 | D:4      | Found a radiant altar of Vehumet.
  3384 | D:4      | Reached skill level 5 in Fighting
  3392 | D:4      | Reached XP level 6. HP: 8/52 MP: 7/7
  3392 | D:4      | HP: 1/52 [orc/+2 vorpal trident (7)]
  3392 | D:4      | Slain by an orc

Illustrated notes

Levels and vault maps discovered:
D:1:      dpeg_chamrin_arrival_tetris, layout_loops_corners, nicolae_wormholes
D:2:      minmay_alternating_diamond, layout_rooms, minmay_misc_feat_five,
          st_stairs_13, minmay_joined_circles
D:3:      layout_basic, evilmike_ruin_ashenzari, basic_ecumenical_altar,
          minivault_5, kennysheep_cluttered_room
D:4:      layout_loops_ring, nicolae_vehumet_altar_sigil, kennysheep_dice,
          uniq_menkaure

Skill      XL: |  1  2  3  4  5 |
---------------+----------------+-----
Fighting       | 1 2 3 4 5 |  5.9
Ranged Weapons | |  4.0
Armour         | |  1.1
Stealth        | |  2.4
Spellcasting   | |  1.1
Transmutations | |  2.1

Action                   |  1- 3 |  4- 6 || total
-------------------------+-------+-------++-------
 Fire: Shortbow          |   124 |   123 ||   247
 Cast: Beastly Appendage |     2 |       ||     2
 Abil: Shaft Self        |     3 |     1 ||     4
  Use: Scroll            |     8 |     1 ||     9
Armor: Leather armour    |    17 |    13 ||    30
Dodge: Dodged            |    33 |    31 ||    64
       Repelled          |       |     1 ||     1
